 Dungeon Crawl Stone Soup version 0.24-a0-537-g2d01d4a (webtiles) character file.

Game seed: 4767386111377922446

2586 BoppinsLewinski the Basher (level 9, -21/55 HPs)
             Began as a Gargoyle Gladiator on Aug 15, 2019.
             Was an Elder of Uskayaw.
             Demolished by a very large slime creature (51 damage)
             ... on level 7 of the Dungeon.
             The game lasted 00:20:23 (5053 turns).

BoppinsLewinski the Basher (Gargoyle Gladiator)     Turns: 5053, Time: 00:20:24

Health: -21/55     AC: 16    Str: 25    XL:     9   Next: 58%
Magic:  10/10      EV: 13    Int:  8    God:    Uskayaw [****..]
Gold:   296        SH:  0    Dex: 11    Spells: 8/8 levels left

rFire    . . .     SeeInvis .   a - +0 flail
rCold    . . .     Gourm    .   (no shield)
rNeg     + . .     Faith    .   x - +0 ring mail
rPois    ∞         Spirit   .   v - +1 hat "Ighoi" {MR+ Regen+}
rElec    +         Reflect  .   n - +0 cloak
rCorr    .         Harm     .   (no gloves)
MR       +....                  (no boots)
Stlth    ++........             (no amulet)
HPRegen  0.58/turn              (no ring)
MPRegen  0.12/turn              (no ring)

@: mighty
A: horns 1, icy blue scales 1, dopey 1, negative energy resistance 1,
electricity resistance, unbreathing, petrification resistance, rot immunity,
MP-powered wands, AC +6
a: Stomp, Line Pass, Renounce Religion


You were on level 7 of the Dungeon.
You worshipped Uskayaw.
Uskayaw was noncommittal.
You were very hungry.

You visited 2 branches of the dungeon, and saw 8 of its levels.

You collected 296 gold pieces.

Inventory:

Hand Weapons
 a - a +0 flail (weapon)
Missiles
 d - 3 throwing nets (quivered)
Armour
 c - a +0 helmet
 n - a +0 cloak (worn)
 v - the +1 hat "Ighoi" (worn) {MR+ Regen+}
   (You found it on level 4 of the Dungeon)

   It affects your resistance to hostile enchantments.
   It increases your rate of regeneration.
 x - a +0 ring mail (worn)
Jewellery
 k - an uncursed ring of resist corrosion {unknown}
 o - a cursed ring of attention {unknown}
 q - a cursed ring of teleportation {unknown}
 y - an uncursed amulet of the acrobat {unknown}
 C - a cursed ring of attention {unknown}
 F - a +2 ring of protection {unknown}
Wands
 l - a wand of polymorph (1)
 u - a wand of random effects (15)
 G - a wand of enslavement (12)
 I - a wand of flame (7)
Scrolls
 b - a scroll of fear {unknown}
 e - 2 scrolls of magic mapping {unknown}
 h - 3 scrolls of remove curse {unknown}
 i - 4 scrolls of identify {unknown}
 j - 3 scrolls of fog {unknown}
 m - 3 scrolls of amnesia {unknown}
 p - 5 scrolls of teleportation {unknown}
 r - a scroll of enchant weapon {unknown}
 s - a scroll of enchant armour {unknown}
 B - a scroll of brand weapon {unknown}
Potions
 g - a potion of ambrosia
 t - a potion of cancellation
 w - 2 potions of haste
 z - a potion of brilliance {unknown}
 A - a potion of lignification {unknown}
 E - a potion of heal wounds {unknown}
 J - a potion of agility
Miscellaneous
 H - a box of beasts
Comestibles
 f - 12 rations


   Skills:
 + Level 6.1 Fighting
 * Level 8.1 Maces & Flails
 - Level 1.7 Throwing
 + Level 5.5 Armour
 + Level 4.4 Dodging
 - Level 5.8 Stealth
 * Level 2.1 Invocations


You had 8 spell levels left.
You didn't know any spells.
Your spell library was empty.

Dungeon Overview and Level Annotations

Branches:
Dungeon (7/15)             Temple (1/1) D:4

Altars:
Ashenzari
Cheibriados
Dithmenos
Elyvilon
Fedhas
Gozag
Hepliaklqana
Kikubaaqudgha
Makhleb
Nemelex Xobeh
Okawaru
Qazlal
Ru
Sif Muna
Trog
Uskayaw
Vehumet
Wu Jian
Xom
Yredelemnul
Zin
The Shining One

Shops:
D:4 *


Innate Abilities, Weirdness & Mutations

You are resistant to torment.
Your stone body is resilient. (AC +6)
You are immune to poison.
You resist negative energy. (rN+)
You are resistant to electric shocks. (rElec)
You can survive without breathing.
You are immune to petrification.
You are immune to rotting.
You have a pair of small horns on your head.
You are partially covered in icy blue scales. (AC +2)
You are dopey. (Int -2)
You expend magic power (3 MP) to strengthen your wands.


Message History

Uskayaw will force yer foes ta share thar pain.
Uskayaw links yer audience in an emotional bond!
Unknown command.
Ye hit tha slime creature.
Ye headbutt tha slime creature.
Tha slime creature be lightly wounded.
Unknown command.
Ye hit tha slime creature.
Ye kill tha ooze!
Tha slime creature be moderately wounded.
A large slime creature splits.
Tha slime creature closely misses ye.
Unknown command.
Ye feel very mighty all o' a sudd'n.
Tha slime creature be nay longer sharin' its pain. x3
Two slime creatures merge ta form a large slime creature.
Two slime creatures merge ta form a very large slime creature.
Ye thump tha very large slime creature!
Tha very large slime creature be moderately wounded.
Tha very large slime creature hits ye!!!
Ouch! Tha re'lly hurt!
Ye die...

.......#
#.############
.......#
#.##..÷÷...÷[#
.......#
#.##.P.PJP.P÷#
.......#
#.##.P..÷P÷P.#
.......#
#.##.P.P...P.#
.......#
#.##.....PJP.#
########
#.##.J.J.PJ..#
#.###J########
#.# ##@....(##
#.# ########.#
#.# #....'..##
#.###....####
#..##.......#
##.##...)...#
#.##.......#
#.##.......#
#.###.....##


You could see a very large slime creature and a jelly.

Vanquished Creatures
  Pikel (D:4)
  Grinder (D:3)
  A hippogriff (D:6)
  An orc warrior (D:6)
  2 sky beasts (D:5)
  An ice beast (D:5)
  A centaur (D:6)
  2 bullfrogs
  A gnoll sergeant (D:5)
  2 scorpions
  2 jellies (D:7)
  A bullfrog skeleton (D:5)
  A centaur zombie (D:6)
  4 crimson imps
  7 hounds
  Ijyb (D:3)
  5 worker ants
  2 orc wizards
  2 hound zombies (D:6)
  A howler monkey zombie (D:6)
  3 worker ant zombies
  10 adders
  5 gnolls
  2 shadow imps (D:5)
  6 oozes
  2 adder skeletons (D:4)
  2 adder zombies (D:6)
  3 leopard geckos
  23 orcs
  2 giant cockroaches
  3 goblins
  4 hobgoblins
  6 jackals
  3 quokkas
  2 ball pythons
  A bat (D:3)
  8 frilled lizards
  12 kobolds
  A leopard gecko skeleton (D:6)
  2 quokka zombies (D:5)
  9 rats
148 creatures vanquished.

Vanquished Creatures (others)
  A fungus (D:7)
  5 toadstools (D:7)
6 creatures vanquished.

Grand Total: 154 creatures vanquished

Notes
Turn   | Place    | Note
-------+----------+-------------------------------------------
     0 | D:1      | BoppinsLewinski the Gargoyle Gladiator began the quest for
                  | the Orb.
     0 | D:1      | Reached XP level 1. HP: 12/12 MP: 1/1
   396 | D:1      | Reached skill level 1 in Stealth
   396 | D:1      | Reached XP level 2. HP: 13/18 MP: 2/2
   526 | D:1      | Reached XP level 3. HP: 17/22 MP: 3/3
   703 | D:1      | Reached skill level 1 in Armour
  1034 | D:2      | Reached XP level 4. HP: 23/27 MP: 4/4
  1387 | D:3      | Noticed Grinder
  1397 | D:3      | Gained mutation: You have a pair of small horns on your
                  | head. [potion of mutation]
  1397 | D:3      | Gained mutation: You are dopey. (Int -2) [potion of
                  | mutation]
  1397 | D:3      | Gained mutation: You expend magic power (3 MP) to
                  | strengthen your wands. [potion of mutation]
  1397 | D:3      | Gained mutation: You are partially covered in icy blue
                  | scales. (AC +2) [potion of mutation]
  1428 | D:3      | Killed Grinder
  1428 | D:3      | Reached skill level 4 in Maces & Flails
  1428 | D:3      | Reached XP level 5. HP: 9/32 MP: 5/5
  1428 | D:3      | Reached XP level 6. HP: 10/37 MP: 6/6
  1717 | D:3      | Noticed Ijyb
  1788 | D:3      | Killed Ijyb
  2533 | D:4      | Found an opulent altar of Gozag.
  2579 | D:4      | Reached XP level 7. HP: 42/42 MP: 7/7
  2595 | D:4      | Reached skill level 5 in Maces & Flails
  2642 | D:4      | Found Gozag's Platinum Reserve.
  2693 | D:4      | Found a staircase to the Ecumenical Temple.
  2714 | Temple   | Entered the Ecumenical Temple
  2847 | Temple   | Became a worshipper of Uskayaw the Reveler
  2896 | D:4      | Got a fine hat
  2902 | D:4      | Identified the +1 hat "Ighoi" {MR+ Regen+} (You found it on
                  | level 4 of the Dungeon)
  2927 | D:4      | Noticed Pikel
  2931 | D:4      | Reached * piety under Uskayaw
  2934 | D:4      | Reached ** piety under Uskayaw
  2935 | D:4      | Killed Pikel
  2935 | D:4      | Reached skill level 5 in Stealth
  2935 | D:4      | Reached XP level 8. HP: 46/48 MP: 8/8
  3181 | D:5      | Entered Level 5 of the Dungeon
  3248 | D:5      | Reached skill level 6 in Maces & Flails
  3304 | D:5      | Found a shattered altar of Ashenzari.
  3344 | D:5      | Reached *** piety under Uskayaw
  3366 | D:5      | Reached **** piety under Uskayaw
  3383 | D:5      | Reached ***** piety under Uskayaw
  3393 | D:5      | Reached skill level 5 in Fighting
  4107 | D:6      | Found a hide-covered altar of Uskayaw.
  4149 | D:6      | Reached skill level 7 in Maces & Flails
  4248 | D:6      | Reached XP level 9. HP: 54/54 MP: 9/9
  4474 | D:5      | Reached skill level 5 in Armour
  4635 | D:6      | Reached skill level 1 in Invocations
  4913 | D:7      | Reached skill level 8 in Maces & Flails
  5053 | D:7      | Demolished by a very large slime creature

Levels and vault maps discovered:
D:1:      minmay_arrival_widening_spiral_narrow, layout_loops_cross,
          chequers_serial_rivers_small_a
D:2:      layout_rooms, st_stairs_13
D:3:      layout_loops_corners, first_ration, uniq_grinder, uniq_ijyb
D:4:      layout_basic, minmay_temple_entry_wispy,
          nicolae_gozag_zags_fifth_avenue, uniq_pikel
D:5:      layout_basic, ashenzari_altar_1
D:6:      cheibrodos_barr_body, layout_rooms, basic_altar, serial_undead,
          serial_undead_e, serial_undead_f, serial_undead_f, serial_undead_c
D:7:      cheibrodos_fertilizer, layout_basic
Temple:   kilobyte_greek_temple

Skill      XL: |  1  2  3  4  5  6  7  8  9 |
---------------+----------------------------+-----
Stealth        | 1 2 4 5 |  5.8
Armour         | 1 2 3 4 5 |  5.5
Fighting       | 3 4 5 6 |  6.1
Maces & Flails | 4 5 7 8 |  8.1
Dodging        | 3 4 |  4.4
Invocations    | 2 |  2.1
Throwing       | |  1.7

Action                   |  1- 3 |  4- 6 |  7- 9 || total
-------------------------+-------+-------+-------++-------
Melee: Flail             |    84 |   154 |   362 ||   600
       Headbutt          |       |    17 |    73 ||    90
       Unarmed           |       |     2 |       ||     2
Invok: Line Pass         |       |       |     2 ||     2
       Stomp             |       |       |     1 ||     1
  Use: Potion            |       |     7 |     3 ||    10
 Stab: Sleeping          |     3 |     1 |     5 ||     9
       Paralysed         |       |       |    13 ||    13
  Eat: Chunk             |       |     5 |     2 ||     7
       Ration            |       |       |     2 ||     2
Armor: Leather armour    |    42 |     3 |       ||    45
       Scale mail        |       |    61 |    33 ||    94
       Ring mail         |       |       |   231 ||   231
Dodge: Dodged            |    58 |    81 |   264 ||   403

Table legend:
 A = Non-vault XP
 B = Vault XP
 C = Vault XP percentage of total XP
 D = Non-vault monster count
 E = Vault monster count
 F = Vault count percentage of total count
                 A         B        C        D         E       F
            +---------+---------+-------+---------+---------+-------
      Total |    1910 |    1785 |  48.3 |     117 |      31 |  20.9
            +---------+---------+-------+---------+---------+-------
        D:1 |      63 |       0 |   0.0 |      22 |       0 |   0.0
        D:2 |      84 |       1 |   1.2 |      12 |       1 |   7.7
        D:3 |     114 |     313 |  73.3 |      20 |       2 |   9.1
        D:4 |     178 |     629 |  77.9 |       9 |       1 |  10.0
        D:5 |     919 |       0 |   0.0 |      28 |       0 |   0.0
        D:6 |     390 |     720 |  64.9 |      19 |      16 |  45.7
        D:7 |     162 |     122 |  43.0 |       7 |      11 |  61.1
            +---------+---------+-------+---------+---------+-------
